 Dungeon Crawl Stone Soup version 0.21.1-1-g345015f (webtiles) character file.

189 inc the Shield-Bearer (level 5, -1/54 HPs)
             Began as an Ogre Fighter on June 16, 2018.
             Slain by a quokka (3 damage)
             ... summoned by Eustachio
             ... on level 3 of the Dungeon.
             The game lasted 00:04:23 (2931 turns).

inc the Shield-Bearer (Ogre Fighter)                Turns: 2931, Time: 00:04:24

Health: -1/54      AC:  3    Str: 25    XL:     5   Next: 68%
Magic:  5/5        EV:  9    Int: 10    God:
Gold:   125        SH: 10    Dex:  8    Spells: 4/4 levels left

rFire    . . .     SeeInvis .   a - +0 flail
rCold    . . .     Gourm    .   c - +0 shield
rNeg     . . .     Faith    .   b - +0 robe
rPois    .         Spirit   .   (helmet restricted)
rElec    .         Reflect  .   (no cloak)
rCorr    .         Harm     .   (gloves unavailable)
MR       .....                  (boots unavailable)
Stlth    +.........             (no amulet)
HPRegen  0.18/turn              (no ring)
MPRegen  0.09/turn              (no ring)

@: mighty
A: large, unfitting armour, tough skin 1
a: no special abilities


You were on level 3 of the Dungeon.
You were not hungry.

You visited 1 branch of the dungeon, and saw 4 of its levels.

You collected 125 gold pieces.

Inventory:

Hand Weapons
 a - a +0 flail (weapon)
Armour
 b - a +0 robe (worn)
 c - a +0 shield (worn)
Jewellery
 m - an uncursed ring of protection from fire {unknown}
 r - an uncursed amulet of magic regeneration {unknown}
Wands
 t - a wand of polymorph (15)
Scrolls
 h - 5 scrolls of identify {unknown}
 i - a scroll of noise {unknown}
 j - a scroll of teleportation {unknown}
 n - a scroll of magic mapping {unknown}
 o - a scroll of immolation {unknown}
 p - a scroll of remove curse {unknown}
 q - a scroll of enchant weapon {unknown}
Potions
 e - 2 potions of heal wounds {unknown}
 g - a potion of haste {unknown}
 k - a potion of degeneration {unknown}
 l - a potion of resistance {unknown}
Comestibles
 f - 5 rations


   Skills:
 - Level 4.0 Fighting
 - Level 1.7 Maces & Flails
 - Level 2.6 Dodging
 + Level 5.6 Shields


You had 4 spell levels left.
You didn't know any spells.

Dungeon Overview and Level Annotations

Branches:
Dungeon (4/15)
 Temple: D:4-7

Altars:
Ashenzari
Hepliaklqana
Xom

Annotations:
D:3 Eustachio
D:4 Natasha


Innate Abilities, Weirdness & Mutations

You are too large for most types of armour.
You have tough skin. (AC +1)


Message History

The bat hits you but does no damage. The bat barely misses you. x2
You hit the bat.
You kill the bat!
The bat's corpse disappears in a puff of smoke!
The bat completely misses you. The quokka bites you.
* * * LOW HITPOINT WARNING * * *
Eustachio casts a spell.
Unknown command.
You sock Eustachio!
Eustachio is almost dead.
The bat closely misses you. You block the quokka's attack.
Eustachio barely misses you. The crimson imp hits you.
* * * LOW HITPOINT WARNING * * *
You block the quokka's attack.
Unknown command.
Unknown command.
You closely miss Eustachio.
Eustachio is almost dead.
You block the bat's attack. The quokka bites you.
You die...

.....# #..##.# #(#.#..### ####.#
#.....# #........# # #.# ##.##.#
#........# # #.#
#.##.#####......#.####### # #.#
#.##.......#.#..#........ # #.#
#.##.)#.##.#.#..######### # ##.##
#.##..#.##(#.#..#........
###...###......@5(.b....#.#######
..............rr@5.....##.#
###...############.....(..# #####
##########


You could see Eustachio, a crimson imp, a shadow imp, a quokka, a bat and a rat.

Vanquished Creatures
  A howler monkey (D:4)
  Jessica (D:2)
  Natasha (D:2)
  A hound skeleton (D:2)
  3 adders (D:3)
  2 worms
  3 dart slugs
  2 leopard geckos
  2 orcs
  A giant cockroach (D:1)
  2 goblins
  9 hobgoblins
  5 kobolds
  2 quokkas
  A ball python (D:1)
  7 bats
  2 frilled lizards
  2 rats
47 creatures vanquished.

Notes
Turn   | Place    | Note
-------+----------+-------------------------------------------
     0 | D:1      | inc the Ogre Fighter began the quest for the Orb.
     0 | D:1      | Reached XP level 1. HP: 24/24 MP: 1/1
    58 | D:1      | Reached skill level 3 in Shields
   104 | D:1      | Reached XP level 2. HP: 27/32 MP: 2/2
   825 | D:2      | Reached XP level 3. HP: 35/39 MP: 3/3
   912 | D:2      | Noticed Natasha
   916 | D:2      | Killed Natasha
   916 | D:2      | Reached skill level 4 in Shields
  1075 | D:2      | Reached XP level 4. HP: 42/48 MP: 4/4
  1266 | D:2      | Noticed Jessica
  1273 | D:2      | Killed Jessica
  1519 | D:2      | Found a shattered altar of Ashenzari.
  1802 | D:3      | Found a shimmering altar of Xom.
  1831 | D:3      | Reached skill level 5 in Shields
  1863 | D:3      | Reached XP level 5. HP: 29/54 MP: 5/5
  2415 | D:3      | Found a hazy altar of Hepliaklqana.
  2801 | D:4      | Noticed Natasha
  2865 | D:4      | Noticed Eustachio
  2930 | D:3      | HP: 2/54 [crimson imp[Eustachio] (2)]
  2931 | D:3      | Slain by a quokka

Skill      XL: |  1  2  3  4 |
---------------+-------------+-----
Shields        | 3 4 5 |  5.6
Fighting       | |  4.0
Maces & Flails | |  1.7
Dodging        | |  2.6

Action                   |  1- 3 |  4- 6 || total
-------------------------+-------+-------++-------
Melee: Flail             |    81 |   133 ||   214
  Use: Potion            |       |     1 ||     1
  Eat: Chunk             |     1 |     2 ||     3
       Ration            |       |     1 ||     1
Armor: Robe              |    35 |    45 ||    80
Dodge: Dodged            |    32 |    71 ||   103
Block: Shield            |    49 |    98 ||   147
